AoeStats
← Caribe

Fortress

510529748Analyzed
1v1 RM · 17h ago on Oct 1, 2026· 33m 42s· 2 players
Game mode
Random Map
Map size
Small (3 player)
Population
200
Speed
Normal
Resources
Standard
Victory
Conquest
Starting age
Dark Age
Ending age
Imperial Age
RankedLock teamsTeams togetherTeam positionsShared explorationLock speedFull tech treeHidden civsTurbo modeCheats
Victory
Defeat
🇻🇪 Vietnamese · Venezuela
1250
+16
🇬🇧 Turks · United Kingdom
1259
-16
Caribe
7:46 Feudal Age
8:13 Feudal Age
9:51 Double-Bit Axe
12:24 Castle Age
10:11 Horse Collar
13:06 Wheelbarrow
13:28 Bow Saw
13:21 Heavy Plow
15:53 Loom
22:29 Imperial Age
20:19 Fletching
21:09 Hand Cart
21:18 Padded Archer Armor
22:41 Ballistics
23:02 Bodkin Arrow
24:15 Chemistry
23:27 Squires
24:37 Leather Archer Armor
24:34 Town Watch
25:53 Bracer
27:25 Siege Engineers
27:46 Gold Mining
28:59 Elite Rattan Archer
30:22 Paper Money
31:18 Bloodlines
31:08 Husbandry
30:33 Light Cavalry
32:12 Forging
32:07 Scale Barding Armor
34:37 Ring Archer Armor
34:43 Iron Casting
34:28 Chain Barding Armor
xBOYLANATORx
8:51 Loom
10:38 Feudal Age
12:16 Double-Bit Axe
12:23 Gold Mining
12:16 Horse Collar
12:59 Stone Mining
15:18 Castle Age
18:48 Imperial Age
16:41 Bow Saw
18:05 Town Watch
19:20 Wheelbarrow
21:19 Heavy Plow
22:52 Conscription
23:43 Bloodlines
23:33 Husbandry
30:21 Scale Barding Armor
30:26 Forging
Connection lost

Rejoining the realm…

Still unreachable

The connection could not be restored.

Session expired

The server has moved on; the page needs a fresh start.